TOP OF THE 1ST |
Oakland Athletics batting - Pitching for Seattle Mariners : LHP Aidan Smith
|
Pitching: LHP Aidan Smith
|
|
Batting: RHB Randy Shrewsbury
|
0-0: Ball 1-0: Ball 2-0: Foul Ball, location: 2F 2-1: Foul Ball, location: 2F 2-2: Strikes out looking
|
Batting: RHB Nick Gentzel
|
0-0: Called Strike 0-1: Swinging Strike 0-2: Ball 1-2: Foul Ball, location: 2F 1-2: Ball 2-2: Strikes out swinging
|
Batting: RHB Jason May
|
0-0: Foul Ball, location: 2F 0-1: Called Strike 0-2: Ball 1-2: Foul Ball, location: 2F 1-2: Hit by Pitch
|
Batting: LHB Joel Kunkler
|
0-0: Ball 1-0: Ball 2-0: Called Strike Jason May is caught stealing 2nd base 2-6
|
Top of the 1st over - 0 runs, 0 hits, 0 errors, 0 left on base; Oakland 0 - Seattle 0 |
BOTTOM OF THE 1ST |
Seattle Mariners batting - Pitching for Oakland Athletics : RHP Franklin Rojas
|
Pitching: RHP Franklin Rojas
|
|
Batting: LHB Dae-ik Yoon
|
0-0: Foul Ball, location: 2F 0-1: Ball 1-1: SINGLE (Groundball, 4MD, EV 100.0 MPH)
|
Batting: RHB Kaeo Zirpoli
|
0-0: Ball 1-0: Called Strike 1-1: Swinging Strike 1-2: Foul Ball, location: 2F 1-2: Strikes out swinging
|
Batting: SHB Floyd-William Goof
|
0-0: Ball 1-0: Called Strike 1-1: Called Strike 1-2: Ball 2-2: Foul Ball, location: 2F 2-2: Ball 3-2: Base on Balls Dae-ik Yoon to second
|
Batting: LHB Bi-jun Chien
|
0-0: Fielders Choice at 2nd, 4-6 (Groundball, 4M, EV 85.6 MPH) Dae-ik Yoon to third
|
Batting: RHB Pavpv Ivanushkin
|
0-0: Called Strike Bi-jun Chien is caught stealing 2nd base 2-4
|
Bottom of the 1st over - 0 runs, 1 hit, 0 errors, 1 left on base; Oakland 0 - Seattle 0 |
TOP OF THE 2ND |
Oakland Athletics batting - Pitching for Seattle Mariners : LHP Aidan Smith
|
Batting: LHB Joel Kunkler
|
0-0: Ball 1-0: Ball 2-0: Called Strike 2-1: Ball 3-1: Ground out U3 (Groundball, 3L, EV 101.2 MPH)
|
Batting: RHB Edwin Madrid
|
0-0: SINGLE (Groundball, 56S, EV 76.2 MPH) (infield hit)
|
Batting: RHB Robby Godwin
|
0-0: Called Strike 0-1: Fly out, F8 (Line Drive, 78S, EV 89.4 MPH)
|
Batting: RHB Philip Jansen
|
0-0: Swinging Strike 0-1: Foul Ball, location: 2F 0-2: Strikes out swinging
|
Top of the 2nd over - 0 runs, 1 hit, 0 errors, 1 left on base; Oakland 0 - Seattle 0 |
BOTTOM OF THE 2ND |
Seattle Mariners batting - Pitching for Oakland Athletics : RHP Franklin Rojas
|
Batting: RHB Pavpv Ivanushkin
|
0-0: Fly out, F9 (Flyball, 9, EV 86.2 MPH)
|
Batting: RHB Harutomi Matsubara
|
0-0: DOUBLE (Line Drive, 89D, EV 100.0 MPH)
|
Batting: RHB Tony Vargas
|
0-0: Foul Ball, location: 2F 0-1: Ball 1-1: Foul Ball, location: 2F 1-2: Strikes out swinging
|
Batting: RHB Corey Ottinger
|
0-0: Called Strike 0-1: Swinging Strike 0-2: Strikes out swinging
|
Bottom of the 2nd over - 0 runs, 1 hit, 0 errors, 1 left on base; Oakland 0 - Seattle 0 |
TOP OF THE 3RD |
Oakland Athletics batting - Pitching for Seattle Mariners : LHP Aidan Smith
|
Batting: RHB Garry Hash
|
0-0: Foul Ball, location: 2F 0-1: Swinging Strike 0-2: Strikes out swinging
|
Batting: SHB Ryan Langlois
|
0-0: Foul Ball, location: 2F 0-1: Fly out, F9 (Line Drive, 9S, EV 98.8 MPH)
|
Batting: RHB Randy Shrewsbury
|
0-0: Ball 1-0: Called Strike 1-1: Ball 2-1: Ball 3-1: Base on Balls
|
Batting: RHB Nick Gentzel
|
0-0: Fielders Choice at 2nd, 5-4 (Groundball, 56D, EV 107.5 MPH)
|
Top of the 3rd over - 0 runs, 0 hits, 0 errors, 1 left on base; Oakland 0 - Seattle 0 |
BOTTOM OF THE 3RD |
Seattle Mariners batting - Pitching for Oakland Athletics : RHP Franklin Rojas
|
Batting: LHB Jerrod Cluck
|
0-0: Ball 1-0: TRIPLE (Line Drive, 78XD, EV 105.6 MPH)
|
Batting: LHB Dae-ik Yoon
|
0-0: Ball 1-0: Ball 2-0: Foul Ball, location: 2F 2-1: Foul Ball, location: 2F 2-2: Ball 3-2: Foul Ball, location: 2F 3-2: Fly out, F9 (Flyball, 89D, EV 91.2 MPH) Runner from 3rd tags up, SCORES, throw by RF
|
Batting: RHB Kaeo Zirpoli
|
0-0: Ball 1-0: Ball 2-0: Swinging Strike 2-1: Foul Ball, location: 2F 2-2: Ball 3-2: Ground out U3 (Groundball, 3S, EV 66.2 MPH)
|
Batting: SHB Floyd-William Goof
|
0-0: Ball 1-0: Fly out, F8 (Line Drive, 78M, EV 105.0 MPH)
|
Bottom of the 3rd over - 1 run, 1 hit, 0 errors, 0 left on base; Oakland 0 - Seattle 1 |
TOP OF THE 4TH |
Oakland Athletics batting - Pitching for Seattle Mariners : LHP Aidan Smith
|
Batting: RHB Jason May
|
0-0: Foul Ball, location: 2F 0-1: Ball 1-1: Swinging Strike 1-2: Foul Ball, location: 2F 1-2: Ball 2-2: Strikes out swinging
|
Batting: LHB Joel Kunkler
|
0-0: Called Strike 0-1: Called Strike 0-2: Ball 1-2: Strikes out swinging
|
Batting: RHB Edwin Madrid
|
0-0: Ground out 6-3 (Groundball, 6, EV 105.0 MPH)
|
Top of the 4th over - 0 runs, 0 hits, 0 errors, 0 left on base; Oakland 0 - Seattle 1 |
BOTTOM OF THE 4TH |
Seattle Mariners batting - Pitching for Oakland Athletics : RHP Franklin Rojas
|
Batting: LHB Bi-jun Chien
|
0-0: Called Strike 0-1: Ball 1-1: Fly out, F2 (Popup, 2LF, EV 85.0 MPH)
|
Batting: RHB Pavpv Ivanushkin
|
0-0: SINGLE (Line Drive, 9S, EV 103.8 MPH)
|
Batting: RHB Harutomi Matsubara
|
0-0: Ball 1-0: Ball 2-0: Fly out, F8 (Flyball, 8LXD, EV 106.9 MPH)
|
Batting: RHB Tony Vargas
|
0-0: Foul Ball, location: 2F 0-1: Swinging Strike 0-2: Foul Ball, location: 2F 0-2: Ball 1-2: Ball 2-2: Foul Ball, location: 2F 2-2: Foul Ball, location: 2F 2-2: Ball 3-2: Fly out, F8 (Line Drive, 8LM, EV 95.6 MPH)
|
Bottom of the 4th over - 0 runs, 1 hit, 0 errors, 1 left on base; Oakland 0 - Seattle 1 |
TOP OF THE 5TH |
Oakland Athletics batting - Pitching for Seattle Mariners : LHP Aidan Smith
|
Batting: RHB Robby Godwin
|
0-0: Foul Ball, location: 2F 0-1: SINGLE (Groundball, 4MD, EV 98.1 MPH)
|
Batting: RHB Philip Jansen
|
0-0: Ball 1-0: Ball 2-0: Sac Bunt to 15 - play at first, batter OUT! 1-3 Robby Godwin to second
|
Batting: RHB Garry Hash
|
0-0: Foul Ball, location: 2F 0-1: Foul Ball, location: 2F 0-2: Ball 1-2: Ball 2-2: Strikes out swinging
|
Batting: SHB Ryan Langlois
|
0-0: Called Strike 0-1: Called Strike 0-2: Ball 1-2: Ball 2-2: Foul Ball, location: 2F 2-2: Strikes out looking
|
Top of the 5th over - 0 runs, 1 hit, 0 errors, 1 left on base; Oakland 0 - Seattle 1 |
BOTTOM OF THE 5TH |
Seattle Mariners batting - Pitching for Oakland Athletics : RHP Franklin Rojas
|
Batting: RHB Corey Ottinger
|
0-0: Called Strike 0-1: Ball 1-1: Ground out 6-3 (Groundball, 6, EV 81.2 MPH)
|
Batting: LHB Jerrod Cluck
|
0-0: Ball 1-0: Ball 2-0: Ball 3-0: Called Strike 3-1: Swinging Strike 3-2: Foul Ball, location: 2F 3-2: Foul Ball, location: 2F 3-2: Ground out 4-3 (Groundball, 4, EV 84.4 MPH)
|
Batting: LHB Dae-ik Yoon
|
0-0: Called Strike 0-1: Called Strike 0-2: Foul Ball, location: 2F 0-2: Strikes out swinging
|
Bottom of the 5th over - 0 runs, 0 hits, 0 errors, 0 left on base; Oakland 0 - Seattle 1 |
TOP OF THE 6TH |
Oakland Athletics batting - Pitching for Seattle Mariners : LHP Aidan Smith
|
Batting: RHB Randy Shrewsbury
|
0-0: Called Strike 0-1: Ball 1-1: Called Strike 1-2: Ball 2-2: Strikes out swinging
|
Batting: RHB Nick Gentzel
|
0-0: Ball 1-0: Called Strike 1-1: Foul Ball, location: 2F 1-2: Fly out, F8 (Line Drive, 78M, EV 107.5 MPH)
|
Batting: RHB Jason May
|
0-0: Ball 1-0: Ball 2-0: Called Strike 2-1: Swinging Strike 2-2: Foul Ball, location: 2F 2-2: Strikes out swinging
|
Top of the 6th over - 0 runs, 0 hits, 0 errors, 0 left on base; Oakland 0 - Seattle 1 |
BOTTOM OF THE 6TH |
Seattle Mariners batting - Pitching for Oakland Athletics : RHP Franklin Rojas
|
Batting: RHB Kaeo Zirpoli
|
0-0: Ball 1-0: Called Strike 1-1: Ball 2-1: Ball 3-1: Foul Ball, location: 2F 3-2: SINGLE (Groundball, 13, EV 77.5 MPH) (infield hit)
|
Batting: SHB Floyd-William Goof
|
0-0: Foul Ball, location: 2F 0-1: Foul Ball, location: 2F 0-2: Ball Kaeo Zirpoli is caught stealing 2nd base 2-6 1-2: Ground out 6-3 (Groundball, 6, EV 81.2 MPH)
|
Batting: LHB Bi-jun Chien
|
0-0: Ball 1-0: Swinging Strike 1-1: Swinging Strike 1-2: Foul Ball, location: 2F 1-2: Ball 2-2: Strikes out swinging
|
Bottom of the 6th over - 0 runs, 1 hit, 0 errors, 0 left on base; Oakland 0 - Seattle 1 |
TOP OF THE 7TH |
Oakland Athletics batting - Pitching for Seattle Mariners : LHP Aidan Smith
|
Batting: LHB Joel Kunkler
|
0-0: Foul Ball, location: 2F 0-1: Swinging Strike 0-2: Strikes out looking
|
Batting: RHB Edwin Madrid
|
0-0: Called Strike 0-1: Ball 1-1: Foul Ball, location: 2F 1-2: Ground out 6-3 (Groundball, 6, EV 99.4 MPH)
|
Batting: RHB Robby Godwin
|
0-0: Ball 1-0: Called Strike 1-1: Foul Ball, location: 2F 1-2: SINGLE (Flyball, 6MD, EV 86.2 MPH)
|
Batting: RHB Philip Jansen
|
0-0: SINGLE (Groundball, 56S, EV 66.2 MPH) (infield hit) Robby Godwin to second
|
Pitching: RHP Victor Cervantes
|
|
Batting: RHB Garry Hash
|
0-0: Ball 1-0: Swinging Strike 1-1: Foul Ball, location: 2F 1-2: Foul Ball, location: 2F 1-2: Strikes out swinging
|
Top of the 7th over - 0 runs, 2 hits, 0 errors, 2 left on base; Oakland 0 - Seattle 1 |
BOTTOM OF THE 7TH |
Seattle Mariners batting - Pitching for Oakland Athletics : RHP Franklin Rojas
|
Batting: RHB Pavpv Ivanushkin
|
0-0: Ball 1-0: Called Strike 1-1: Fly out, F8 (Flyball, 89D, EV 90.6 MPH)
|
Batting: RHB Harutomi Matsubara
|
0-0: Ball 1-0: Called Strike 1-1: Ball 2-1: Ball 3-1: Ground out U3 (Groundball, 23, EV 83.8 MPH)
|
Batting: RHB Tony Vargas
|
0-0: Called Strike 0-1: Ball 1-1: Ball 2-1: Fly out, F8 (Line Drive, 8LD, EV 92.5 MPH)
|
Bottom of the 7th over - 0 runs, 0 hits, 0 errors, 0 left on base; Oakland 0 - Seattle 1 |
TOP OF THE 8TH |
Oakland Athletics batting - Pitching for Seattle Mariners : RHP Victor Cervantes
|
Now at 2B: Malik Brookshire
|
|
Batting: SHB Ryan Langlois
|
0-0: Ball 1-0: Ball 2-0: Ball 3-0: Base on Balls
|
Batting: RHB Randy Shrewsbury
|
0-0: Ball 1-0: Ball 2-0: SINGLE (Groundball, 4MD, EV 102.5 MPH) Ryan Langlois to second
|
Pinch Hitting: SHB Moe Lester
|
0-0: Foul Ball, location: 2F 0-1: Sac Bunt to 25 - play at first, batter OUT! 5-4 Ryan Langlois to third Randy Shrewsbury to second
|
Batting: RHB Jason May
|
0-0: Ball 1-0: Ball 2-0: Called Strike 2-1: Called Strike 2-2: Foul Ball, location: 2F 2-2: Ball 3-2: Foul Ball, location: 2F 3-2: Base on Balls
|
Batting: LHB Joel Kunkler
|
0-0: Ball 1-0: Called Strike 1-1: Called Strike 1-2: Ball 2-2: Ball 3-2: Fly out, F3 (Popup, 3SF, EV 72.5 MPH)
|
Pinch Hitting: LHB Sakae Kasahara
|
0-0: Called Strike 0-1: Swinging Strike 0-2: Ball 1-2: Strikes out looking
|
Top of the 8th over - 0 runs, 1 hit, 0 errors, 3 left on base; Oakland 0 - Seattle 1 |
BOTTOM OF THE 8TH |
Seattle Mariners batting - Pitching for Oakland Athletics : RHP Franklin Rojas
|
Pitching: LHP Bobby Carroll
|
|
Now at 3B: Quincy Bradford
|
|
Now in CF: Joel Kunkler
|
|
Now in RF: Moe Lester
|
|
Batting: RHB Corey Ottinger
|
0-0: Ball 1-0: Ball 2-0: Fly out, F9 (Line Drive, 89M, EV 106.9 MPH)
|
Batting: LHB Jerrod Cluck
|
0-0: Called Strike 0-1: Foul Ball, location: 2F 0-2: Ball 1-2: Strikes out looking
|
Batting: LHB Dae-ik Yoon
|
0-0: Called Strike 0-1: Foul Ball, location: 2F 0-2: Foul Ball, location: 2F 0-2: Foul Ball, location: 2F 0-2: Hit by Pitch
|
Batting: RHB Kaeo Zirpoli
|
0-0: Ball 1-0: Ball Dae-ik Yoon is caught stealing 2nd base 2-4
|
Bottom of the 8th over - 0 runs, 0 hits, 0 errors, 0 left on base; Oakland 0 - Seattle 1 |
TOP OF THE 9TH |
Oakland Athletics batting - Pitching for Seattle Mariners : RHP Victor Cervantes
|
Pitching: RHP William de Jesus
|
|
Batting: RHB Robby Godwin
|
0-0: Ball 1-0: Called Strike 1-1: Swinging Strike 1-2: Strikes out swinging
|
Pinch Hitting: LHB Al Hernandez
|
0-0: Ball 1-0: Ball 2-0: Fly out, F8 (Flyball, 8LD, EV 97.5 MPH)
|
Batting: RHB Garry Hash
|
0-0: Ball 1-0: Called Strike 1-1: Swinging Strike 1-2: Strikes out swinging
|
Top of the 9th over - 0 runs, 0 hits, 0 errors, 0 left on base; Oakland 0 - Seattle 1 |
|